 Dungeon Crawl Stone Soup version 0.29.0-5-ge4962eb29e (webtiles) character file.

Game seed: 6875092102356005574

359 sanka the Insei (level 6, -6/35 HPs)
             Began as a Tengu Warper on Aug 28, 2022.
             Was a High Priest of Ignis.
             Mangled by a gnoll sergeant
             ... wielding a +2 spear of flaming
              (8 damage)
             ... on level 4 of the Dungeon.
             The game lasted 00:05:39 (4648 turns).

sanka the Insei (Tengu Warper)                      Turns: 4648, Time: 00:05:40

Health: -6/35      AC:  3    Str: 11    XL:     6   Next: 65%
Magic:  19/19      EV: 14    Int: 15    God:    Ignis [*****.]
Gold:   218        SH:  0    Dex: 14    Spells: 9/9 levels left

rFire   + . .      SeeInvis .     - Unarmed
rCold   . . .      Faith    .   (no shield)
rNeg    . . .      Spirit   .   a - +0 leather armour
rPois   .          Reflect  .   (helmet restricted)
rElec   .          Harm     .   (no cloak)
rCorr   .          Rampage  .   (no gloves)
Will    .....                   (boots unavailable)
Stlth   +.........              (no amulet)
HPRegen 0.11/turn               (no ring)
MPRegen 0.16/turn               n - ring of magical power

@: flying quickly and evasively, quick
A: beak, talons 3, nimble flight
a: Renounce Religion, Fiery Armour, Foxfire Swarm, Rising Flame


You were on level 4 of the Dungeon.
You worshipped Ignis.
Ignis was extremely pleased with you.
You visited 1 branch of the dungeon, and saw 5 of its levels.

You collected 218 gold pieces.


Innate Abilities, Weirdness & Mutations

You have a beak for a mouth.
You have claws for feet.
Your magical nature lets you fly swiftly and evasively.


   Skills:
 - Level 2.0 Fighting
 - Level 1.0 Throwing
 - Level 1.1 Armour
 - Level 2.1 Dodging
 + Level 7.5 Unarmed Combat
 - Level 2.0 Spellcasting
 - Level 2.4 Translocations


You had 9 spell levels left.
You didn't know any spells.
Your spell library contained the following spells:

 Spells                   Type           Power      Damage    Failure   Level
 Blink                    Tloc           16%        N/A       17%         2
 Foxfire                  Conj/Fire      4%         2x1d4     28%         1
 Gell's Gravitas          Tloc           8%         N/A       32%         3
 Lesser Beckoning         Tloc           8%         N/A       32%         3
 Teleport Other           Tloc           8%         N/A       32%         3
 Conjure Flame            Conj/Fire      1%         6-21      65%         3
 Inner Flame              Hex/Fire       1%         N/A       65%         3
 Flame Wave               Conj/Fire      1%         2d4       96%         4
 Manifold Assault         Tloc           8%         N/A       97%         5

Inventory:

Hand Weapons
 D - a +1 dagger of draining
Missiles
 c - 7 boomerangs of dispersal (quivered) {=f}
 j - 2 throwing nets {=f}
 A - 5 boomerangs
Armour
 a - a +0 leather armour (worn)
 d - a +0 cloak
 C - a +0 cloak
Jewellery
 n - a ring of magical power (right hand)
Scrolls
 b - a scroll of blinking
 g - a scroll of summoning {unknown}
 k - a scroll of silence {unknown}
 o - a scroll of amnesia {unknown}
 p - 2 scrolls of enchant weapon {unknown}
 q - a scroll of butterflies {unknown}
 s - 4 scrolls of identify {unknown}
 w - a scroll of magic mapping {unknown}
 y - a scroll of immolation {unknown}
 B - a scroll of teleportation {unknown}
Potions
 e - 2 potions of haste {unknown}
 f - 4 potions of curing {unknown}
 h - 2 potions of resistance {unknown}
 i - a potion of ambrosia {unknown}
 l - a potion of heal wounds {unknown}
 m - 4 potions of flight {unknown}
 r - 2 potions of degeneration {unknown}
 t - a potion of lignification {unknown}
 u - 2 potions of might {unknown}
 v - a potion of berserk rage {unknown}
 x - a potion of brilliance {unknown}
 z - a potion of mutation {unknown}

Dungeon Overview and Level Annotations

Branches:
Dungeon (5/15)
 Temple: D:4-7

Altars:
Ashenzari
Vehumet
Ignis

▒.▒▒▒▒▒..PP~~....▒~~♣P~.....▒▒ ▒▒
..▒ ▒▒▒.~~~.▒..~P~~~P...▒.▒▒▒▒.
.▒▒▒ ▒▒▒.P~≈~~~..P~~P~.▒▒▒...▒▒.▒
...▒▒▒...~~≈♣~~.~~~♣~~.▒.........
.........~.♣♣~~P~~♣~..........g..
..........P~~♣♣~♣♣)P~....▒▒......
...▒▒.....~~~♣~♣~~~P...[▒▒▒▒.▒▒..
..▒▒▒......~~♣♣♣≈~~[..........▒..
...........PP~~≈Qg...).<▒..▒▒▒▒▒.
...........~~P~~~PP>.......▒▒ ▒▒▒
.....†.......PP~P~..........▒▒▒..
.............P~~PP....[..........
.▒.▒▒....................▒..▒▒..▒
▒▒..▒...▒▒▒....>...▒.....▒.▒▒▒..▒
..[▒....▒ ▒........[.▒......▒...▒
........▒▒▒..........▒▒[▒▒.....▒▒
[......▒▒▒...▒▒▒..▒..▒...▒.....▒


You could see a gnoll sergeant.


Message History

Things that are here:
a +2 whip of electrocution; a gnoll corpse
There is a stone staircase leading up here.
You fly upwards.
There is a stone staircase leading down here.
Unknown command.
You start resting.
HP restored.
You fly downwards.
There is a stone staircase leading up here.
Unknown command.
You see here a +0 mace.
The gnoll sergeant hits you with a +2 spear of flaming!
The gnoll sergeant burns you.
You barely miss the gnoll sergeant. The gnoll sergeant blocks your attack.
You claw the gnoll sergeant, but do no damage.
The gnoll sergeant hits you with a +2 spear of flaming!
* * * LOW HITPOINT WARNING * * *
The gnoll sergeant burns you.
* * * LOW HITPOINT WARNING * * *
You hit the gnoll sergeant. You claw the gnoll sergeant.
The gnoll sergeant is moderately wounded.
The gnoll sergeant hits you with a +2 spear of flaming!
* * * LOW HITPOINT WARNING * * *
You hit the gnoll sergeant.
The gnoll sergeant is heavily wounded.
The gnoll sergeant hits you with a +2 spear of flaming!
You die...

Action                   |  1- 3 |  4- 6 || total
-------------------------+-------+-------++-------
Melee: Unarmed           |    94 |   121 ||   215
       Kick              |    24 |    40 ||    64
       Peck              |    15 |    16 ||    31
       Punch             |     2 |     5 ||     7
Armor: Leather armour    |    26 |    17 ||    43
Dodge: Dodged            |    59 |    74 ||   133

Levels and vault maps discovered:
D:1:      dpeg_arrival_rooms_a, layout_basic, supply_closet_lemuel,
          corexii_leaking_fountain, st_stairs_3, minmay_misc_feat_room,
          kennysheep_crisscross
D:2:      layout_rooms, nicolae_ecumenical_lake_church
D:3:      layout_rooms
D:4:      layout_cave_pools, serial_bayou_lagoon_a, grunt_ministairs_14
D:5:      layout_rooms, grunt_temple_overflow_open,
          gammafunk_temple_overflow_elements, serial_shops,
          nicolae_shop_bloodbath_and_beyond, guppyfry_early_orc_mine

Notes
Turn   | Place    | Note
-------+----------+-------------------------------------------
     0 | D:1      | sanka the Tengu Warper began the quest for the Orb.
     0 | D:1      | Reached XP level 1. HP: 12/12 MP: 4/4
   286 | D:1      | Reached XP level 2. HP: 17/17 MP: 6/6
   289 | D:1      | Reached skill level 3 in Unarmed Combat
  1097 | D:1      | Reached XP level 3. HP: 18/21 MP: 7/7
  1351 | D:1      | Reached skill level 4 in Unarmed Combat
  1829 | D:2      | Found a faded altar of an unknown god.
  2018 | D:2      | Prayed at the altar of an unknown god.
  2018 | D:2      | Became a worshipper of Ignis, the Dying Flame
  2112 | D:3      | Reached XP level 4. HP: 22/26 MP: 8/8
  2268 | D:3      | Reached skill level 5 in Unarmed Combat
  2813 | D:4      | Gained mutation: Your magical nature lets you fly swiftly
                  | and evasively. [Tengu growth]
  2813 | D:4      | Reached XP level 5. HP: 12/30 MP: 9/9
  3378 | D:4      | Reached skill level 6 in Unarmed Combat
  4009 | D:5      | Entered Level 5 of the Dungeon
  4012 | D:5      | Noticed an ogre
  4025 | D:5      | Found a broken altar of Ashenzari.
  4025 | D:5      | Found a radiant altar of Vehumet.
  4030 | D:5      | Reached XP level 6. HP: 34/35 MP: 10/10
  4034 | D:5      | Reached skill level 7 in Unarmed Combat
  4202 | D:5      | Noticed an orc warrior
  4647 | D:4      | HP: 1/35 [gnoll sergeant/+2 spear of flaming (8)]
  4648 | D:4      | Mangled by a gnoll sergeant

Vanquished Creatures
  An ogre (D:5)
  2 hounds
  2 iguanas (D:4)
  2 gnolls
  5 adders
  A dart slug (D:1)
  7 orcs
  8 endoplasms
  A giant cockroach (D:4)
  6 goblins
  12 hobgoblins
  6 jackals
  3 quokkas
  11 ball pythons
  7 bats
  4 frilled lizards
  5 kobolds
  6 rats
89 creatures vanquished.

Vanquished Creatures (others)
  27 plants (D:4)
27 creatures vanquished.

Grand Total: 116 creatures vanquished
